 Dungeon Crawl Stone Soup version 0.27-a0-1228-gfd60fd639a (webtiles) character file.

Game seed: 10743158616411788875

91 ZappyNine the Digger (level 4, 0/25 HPs)
             Began as a Gargoyle Earth Elementalist on June 8, 2021.
             Slain by Ijyb
             ... wielding a +0 club
              (1 damage)
             ... on level 3 of the Dungeon.
             The game lasted 00:04:25 (3094 turns).

ZappyNine the Digger (Gargoyle Earth Elementalist)  Turns: 3094, Time: 00:04:25

Health: 0/25       AC:  5    Str: 11    XL:     4   Next: 57%
Magic:  5/8        EV: 11    Int: 17    God:
Gold:   137        SH:  0    Dex: 10    Spells: 5/9 levels left

rFire    + . .     SeeInvis .   j - +2 mace (holy)
rCold    + . .     Faith    .   (no shield)
rNeg     + . .     Spirit   .   c - +0 robe
rPois    ∞         Reflect  .   (no helmet)
rElec    +         Harm     .   (no cloak)
rCorr    +         Rampage  .   (no gloves)
Will     .....                  (no boots)
Stlth    ++........             (no amulet)
HPRegen  0.08/turn              (no ring)
MPRegen  0.11/turn              (no ring)

@: resistant
A: sickness immunity, AC +3, negative energy resistance 1, electricity
resistance, torment resistance 1, petrification resistance
a: no special abilities


You were on level 3 of the Dungeon.
You visited 1 branch of the dungeon, and saw 3 of its levels.

You collected 137 gold pieces.

Inventory:

Hand Weapons
 j - a +2 mace of holy wrath (weapon)
Missiles
 b - 51 stones
Armour
 c - a +0 robe (worn)
Jewellery
 i - an amulet of faith
Scrolls
 a - 2 scrolls of enchant armour {unknown}
 e - 2 scrolls of fear {unknown}
 f - a scroll of blinking {unknown}
 h - a scroll of noise {unknown}
 k - 2 scrolls of identify {unknown}
 m - a scroll of amnesia {unknown}


   Skills:
 - Level 1.1 Fighting
 - Level 1.5 Dodging
 - Level 2.1 Stealth
 + Level 3.1 Spellcasting
 + Level 2.1 Conjurations
 - Level 1.2 Transmutations
 - Level 4.0 Earth Magic


You had 5 spell levels left.
You knew the following spells:

 Your Spells              Type           Power      Damage    Failure   Level
a - Sandblast             Erth           32%        2d9       3%          1
b - Stone Arrow           Conj/Erth      26%        3d8       14%         3

Your spell library contained the following spells:

 Spells                   Type           Power      Damage    Failure   Level
 Passwall                 Tmut/Erth      9%         N/A       9%          2
 Petrify                  Tmut/Erth      11%        N/A       52%         4
 Lee's Rapid Deconstruct  Erth           8%         3d8*      67%         5


Dungeon Overview and Level Annotations

Branches:
Dungeon (3/15)

Altars:
Cheibriados
Qazlal

Annotations:
D:3 3 runed translucent doors, Ijyb; ZappyNine's ghost, weakling GnTm


Innate Abilities, Weirdness & Mutations

You are immune to sickness and miasma.
Your stone body is resilient. (AC +3)
You are immune to poison.
You resist negative energy. (rN+)
You are resistant to electric shocks. (rElec)
You are resistant to unholy torment.
You are immune to petrification.


Message History

Ijyb is severely wounded.
Ijyb zaps a wand.
You suddenly lose the ability to move!
Ijyb hits you with a +0 club. x2
Ijyb screams, "You nasty!
Big nasty!"
Ijyb hits you with a +0 club. Ijyb hits you with a +0 club.
Ijyb hits you but does no damage.
Your magical contamination has completely faded away.
You can move again.
You barely miss Ijyb.
Ijyb is severely wounded.
Ijyb hits you but does no damage. Ijyb hits you with a +0 club.
Unknown command.
Unknown command.
Unknown command.
It was a potion of resistance.
You feel protected. Ijyb hits you with a +0 club.
* * * LOW HITPOINT WARNING * * *
It was a potion of magic.
Magic courses through your body. Ijyb hits you with a +0 club.
* * * LOW HITPOINT WARNING * * *
Unknown command.
Unknown command.
Casting: Sandblast (safe; 3% risk of failure)
Confirm with . or Enter, or press ? or * to list all spells.
The spell is quite dangerous to cast (14% risk of failure)!
Continue anyway?
Okay, then.
Unknown command.
Unknown command.
Casting: Stone Arrow (quite dangerous; 14% risk of failure)
Confirm with . or Enter, or press ? or * to list all spells.
The spell is quite dangerous to cast (14% risk of failure)!
Continue anyway?
Aiming: Stone Arrow (quite dangerous; 14% risk of failure)
Press: ? - help, Shift-Dir - straight line, f/p - Ijyb
Aim: Ijyb, wielding a +0 club, wearing a +1 ring mail of positive energy and carrying a wand of paralysis (2) (severely wounded, 64% to hit)
The stone arrow hits Ijyb.
Ijyb is almost dead.
Ijyb hits you with a +0 club.
You die...

# #........ #
#........ #
######### #
#...... # #......
# #...... #
###############
#...### #
#.............#
#...#.W #
#.#####@#######
#...#.. #.# #g#
#...#K. #.# #S#
#...#..
########.#####.#
#>..#..
#....(..........
#...#..
#.#.#.########[#
#...#.. #.#.#.#
..# ###.###
###.#.#.####.....#
#....
..#............
##...


You could see Ijyb and a ball python.

Vanquished Creatures
  A gnoll (D:1)
  3 adders
  A worm (D:2)
  2 dart slugs (D:1)
  A bat (D:2)
  4 endoplasms
  3 giant cockroaches
  3 goblins
  6 hobgoblins
  3 jackals (D:2)
  4 kobolds
  2 quokkas
  6 ball pythons
  2 frilled lizards
  4 rats
45 creatures vanquished.

Notes
Turn   | Place    | Note
-------+----------+-------------------------------------------
     0 | D:1      | ZappyNine the Gargoyle Earth Elementalist began the quest
                  | for the Orb.
     0 | D:1      | Reached XP level 1. HP: 10/10 MP: 3/3
   216 | D:1      | Reached skill level 1 in Transmutations
   216 | D:1      | Reached XP level 2. HP: 16/16 MP: 0/5
   318 | D:1      | Reached skill level 1 in Fighting
   508 | D:1      | Reached skill level 4 in Earth Magic
   513 | D:1      | Reached XP level 3. HP: 20/20 MP: 4/6
   517 | D:1      | Learned a level 3 spell: Stone Arrow
  1221 | D:1      | Found a snail-covered altar of Cheibriados.
  1364 | D:2      | Reached skill level 1 in Conjurations
  1940 | D:2      | Found a faded altar of an unknown god.
  2322 | D:3      | Reached XP level 4. HP: 24/25 MP: 8/8
  2335 | D:3      | Found a runed translucent gate.
  2336 | D:3      | Found a runed translucent gate.
  2339 | D:3      | Noticed ZappyNine's ghost (weakling GnTm)
  2339 | D:3      | Noticed an ogre
  2340 | D:3      | Found a runed translucent gate.
  2838 | D:3      | Found a stormy altar of Qazlal.
  3060 | D:3      | Noticed Ijyb
  3061 | D:3      | Paralysed by Ijyb for 3 turns
  3071 | D:3      | Paralysed by Ijyb for 3 turns
  3085 | D:3      | Paralysed by Ijyb for 6 turns
  3093 | D:3      | HP: 1/25 [Ijyb/+0 club (4)]
  3094 | D:3      | Slain by Ijyb

Illustrated notes

Levels and vault maps discovered:
D:1:      dpeg_arrival_lava_altar, layout_loops_corners, grunt_decor_cap,
          minmay_shallow_snake_nest
D:2:      layout_basic, shapermc_ecumenical_altar_notcrosses,
          hangedman_abyss_or_decor_lesser_grid
D:3:      layout_basic, nicolae_qazlal_eye_of_the_storm, gammafunk_ghost_split,
          grunt_ministairs_14, uniq_ijyb

Skill      XL: |  1  2  3  4 |
---------------+-------------+-----
Transmutations | 1 |  1.2
Fighting       | 1 |  1.1
Earth Magic    | 4 |  4.0
Conjurations   | 1 2 |  2.1
Spellcasting   | 3 |  3.1
Dodging        | |  1.5
Stealth        | |  2.1

Action                   |  1- 3 |  4- 6 || total
-------------------------+-------+-------++-------
Melee: Club              |     4 |       ||     4
       Mace              |    21 |    22 ||    43
 Cast: Sandblast         |    29 |    17 ||    46
       Stone Arrow       |     4 |     7 ||    11
  Use: Potion            |       |     3 ||     3
 Stab: Sleeping          |     1 |     1 ||     2
Armor: Robe              |    11 |    11 ||    22
Dodge: Dodged            |    16 |    17 ||    33

Table legend: (Time is in decaauts)
 A = Elapsed time spent in this place.
 B = Non-inter-level travel time spent in this place.
 C = Inter-level travel time spent in this place.
 D = Time resting spent in this place.
 E = Time spent auto-exploring this place.
 F = Levels seen in this place.
 G = Mean time per level.
                   A        B        C        D        E       F      G
               +--------+--------+--------+--------+--------+-----+--------+
         Total |   3112 |   3097 |     15 |    110 |   2689 |   3 | 1037.3 |
       Dungeon |   3112 |   3097 |     15 |    110 |   2689 |   3 | 1037.3 |
               +--------+--------+--------+--------+--------+-----+--------+

Top non-repeatable levels by time:
     D:1: 1231 daAuts
     D:2: 1017 daAuts
     D:3: 864 daAuts
